 Dungeon Crawl Stone Soup version 0.31-a0-331-geda263fcf1 (webtiles) character file.

Game seed: 17128886248147641101

308 javelincjr the Cutter (level 6, -4/47 HPs)
             Began as a Demonspawn Gladiator on July 19, 2023.
             Was an Initiate of Yredelemnul.
             Slain by an iron imp (6 damage)
             ... summoned by Eustachio
             ... on level 4 of the Dungeon.
             The game lasted 00:13:10 (3740 turns).

javelincjr the Cutter (Demonspawn Gladiator)        Turns: 3740, Time: 00:13:13

Health: -4/47      AC:  4    Str: 23      XL:     6   Next: 17%
Magic:  0/6        EV: 13    Int:  9      God:    Yredelemnul [......]
Gold:   157        SH:  4    Dex: 13 (14) Spells: 5/5 levels left

rFire   . . .        k - +2 quarterstaff (chaos)
rCold   . . .        (shield currently unavailable)
rNeg    . . .        b - +0 leather armour
rPois   .            c - +0 helmet
rElec   .            i - scarf {shadows}
rCorr   .            (no gloves)
SInv    .            (no boots)
Will    .....        o - amulet of guardian spirit
Stlth   +            s - +6 ring of strength
HPRegen 0.27/turn    (no ring)
MPRegen 0.20/turn

%: guardian spirit
@: no status effects
A: magic regeneration, condensation shield
a: Renounce Religion, Recall Undead Harvest


You were on level 4 of the Dungeon.
You worshipped Yredelemnul.
Yredelemnul was noncommittal.
You visited 1 branch of the dungeon, and saw 4 of its levels.

You collected 157 gold pieces.

Inventory:

Hand Weapons
 a - a +0 rapier
 k - a +2 quarterstaff of chaos (weapon)
Missiles
 d - 3 throwing nets (quivered)
 e - 3 javelins
 g - 4 poisoned darts
Armour
 b - a +0 leather armour (worn)
 c - a +0 helmet (worn)
 i - a scarf of shadows (worn)
 n - a +0 cloak
Jewellery
 o - an amulet of guardian spirit (around neck)
 s - a +6 ring of strength (left hand)
 u - an amulet of regeneration
Wands
 f - a wand of polymorph (7)
Scrolls
 h - a scroll of teleportation {unknown}
 j - 2 scrolls of torment {unknown}
 l - 2 scrolls of poison {unknown}
 m - 2 scrolls of enchant weapon {unknown}
 p - a scroll of brand weapon {unknown}
 r - a scroll of fear {unknown}
Potions
 q - a potion of ambrosia {unknown}
 t - a potion of mutation {unknown}
 v - a potion of invisibility {unknown}
 w - a potion of enlightenment {unknown}


   Skills:
 + Level 3.5 Fighting
 + Level 3.9 Short Blades
 + Level 3.3 Throwing
 + Level 3.8 Dodging
 + Level 0.2 Invocations


You had 5 spell levels left.
You didn't know any spells.
Your spell library contained the following spells:

 Spells                   Type           Power      Damage    Failure   Level
 Apportation              Tloc           0%         N/A       43%         1
 Necrotise                Necr           0%         1d4       43%         1
 Summon Small Mammal      Summ           0%         N/A       43%         1


Dungeon Overview and Level Annotations

Branches:
Dungeon (4/15)
 Temple: D:4-7

Altars:
Cheibriados
Dithmenos
Yredelemnul

Annotations:
D:4 Eustachio


Innate Abilities, Weirdness & Mutations

You regenerate magic rapidly.
A meltable shield of frost defends you. (SH +4)


Message History

The shadow imp closely misses you. Eustachio hits you with a +0 falchion!
You block the shadow imp's attack. The iron imp hits you.
You barely miss Eustachio.
Eustachio is almost dead.
Eustachio closely misses you. The shadow imp barely misses you.
The iron imp hits you.
* * * LOW HITPOINT WARNING * * *
You barely miss Eustachio.
Eustachio is almost dead.
Eustachio hits you with a +0 falchion.
* * * LOW HITPOINT WARNING * * *
The shadow imp closely misses you.
The iron imp disappears for a moment.
The iron imp barely misses you.
Eustachio casts a spell.
You miss Eustachio.
Eustachio is almost dead.
The shadow imp barely misses you.
Eustachio gestures wildly while chanting.
The iron imp closely misses you. The shadow imp barely misses you.
You hit Eustachio but do no damage.
Eustachio is almost dead.
Eustachio misses you. The shadow imp closely misses you.
The iron imp barely misses you.
You barely miss Eustachio.
Eustachio is almost dead.
Eustachio hits you but does no damage.
The shadow imp hits you but does no damage.
You block the river rat's attack. The iron imp hits you.
* * * LOW HITPOINT WARNING * * *
Eustachio mumbles some strange words.
Eustachio blinks!
The river rat attacks as you move away! The river rat bites you.
* * * LOW HITPOINT WARNING * * *
Eustachio's magic is no longer disrupted.
The river rat bites you.
* * * LOW HITPOINT WARNING * * *
The iron imp hits you!
You die...
Your body rises from the dead as a mindless zombie.

...#...#...# ##
###+###r# #..#.#
#..#r# ##+###+..+b#
+...+.#..#.#
#...#.#..######
#._.#.+##rr#..#
#...#.#.@#...#
+...'.#55#...#
+###'###'.r+...#
#.......#..#....#
#.......#@.#...... #
#+###'###+###.###...
#.#............##
### ..............#
.........##...#


You could see Eustachio (drained), an iron imp (summoned), 3 river rats and a
shadow imp (summoned).

Vanquished Creatures
  Crazy Yiuf (D:2)
  Natasha (twice) (D:2)
  An orc wizard (D:3)
  2 adders (D:3)
  4 gnolls (D:3)
  A white imp (D:3)
  A dart slug (D:1)
  10 orcs
  11 ball pythons
  3 bats
  4 endoplasms
  2 giant cockroaches
  A goblin (D:2)
  4 hobgoblins
  3 quokkas
  6 frilled lizards
  A hobgoblin zombie (D:3)
  11 kobolds
  2 kobold skeletons (D:3)
  2 orc zombies (D:3)
  7 rats
79 creatures vanquished.

Vanquished Creatures (collateral kills)
  An orc wizard (D:3)
  An adder (D:2)
  A ball python (D:2)
  An endoplasm (D:3)
  A hobgoblin zombie (D:3)
  An orc skeleton (D:3)
  An orc zombie (D:3)
  A rat (D:3)
8 creatures vanquished.

Vanquished Creatures (others)
  An orc wizard (D:3)
  3 adder zombies (D:2)
  A kobold zombie (D:2)
  2 orc zombies
  2 quokka zombies (D:2)
  A rat zombie (D:2)
10 creatures vanquished.

Grand Total: 97 creatures vanquished

Notes
Turn   | Place    | Note
-------+----------+-------------------------------------------
     0 | D:1      | javelincjr the Demonspawn Gladiator began the quest for the
                  | Orb.
     0 | D:1      | Reached XP level 1. HP: 16/16 MP: 1/1
   307 | D:1      | Gained mutation: A meltable shield of frost defends you.
                  | (SH +4) [demonic ancestry]
   307 | D:1      | Reached XP level 2. HP: 13/22 MP: 2/2
   749 | D:1      | Reached XP level 3. HP: 27/28 MP: 3/3
  1519 | D:2      | Found a faded altar of an unknown god.
  1529 | D:2      | Prayed at the altar of an unknown god.
  1529 | D:2      | Became a worshipper of Yredelemnul the Dark
  1529 | D:2      | Reached * piety under Yredelemnul
  1649 | D:2      | Noticed Natasha
  1995 | D:2      | Found a runed translucent door.
  1996 | D:2      | Noticed Crazy Yiuf
  2013 | D:2      | Killed Crazy Yiuf
  2014 | D:2      | Gained mutation: You regenerate magic rapidly. [demonic
                  | ancestry]
  2014 | D:2      | Reached XP level 4. HP: 15/34 MP: 4/4
  2226 | D:2      | Killed Natasha
  2227 | D:2      | Noticed Natasha
  2233 | D:2      | Killed Natasha
  2407 | D:3      | Found a shadowy altar of Dithmenos.
  2431 | D:3      | Reached XP level 5. HP: 21/41 MP: 2/5
  2618 | D:3      | Reached ** piety under Yredelemnul
  2839 | D:3      | Reached *** piety under Yredelemnul
  2999 | D:3      | Reached XP level 6. HP: 37/47 MP: 6/6
  3497 | D:3      | Reached **** piety under Yredelemnul
  3597 | D:4      | Found a snail-covered altar of Cheibriados.
  3628 | D:4      | Noticed Eustachio
  3740 | D:4      | HP: 2/47 [river rat[Eustachio] (5)]
  3740 | D:4      | Slain by an iron imp

Illustrated notes

Levels and vault maps discovered:
D:1:      dpeg_arrival_brainrot, layout_loops_ring, hex_medium, st_stairs_9,
          lexackson_kobold_supper
D:2:      layout_loops_ring, hellmonk_ecumenical_altar_arch_garden,
          serial_park_tiny_2, uniq_crazy_yiuf_cottage, uniq_natasha
D:3:      layout_basic, nicolae_tso_besieged_by_evil, grunt_dithmenos_smoke,
          chequers_serial_rivers_marsh
D:4:      layout_layer_cave, mainiacjoe_overflow_24_doors,
          minmay_temple_entry_nine_rooms, serial_shops, nicolae_shop_trees,
          uniq_eustachio

Skill      XL: |  1  2  3  4  5 |
---------------+----------------+-----
Throwing       | 2 3 |  3.3
Short Blades   | 3 |  3.9
Dodging        | 3 |  3.8
Fighting       | 3 |  3.5
Invocations    | |  0.2

Action                     |  1- 3 |  4- 6 || total
---------------------------+-------+-------++-------
  Melee: Rapier            |   210 |       ||   210
         Quarterstaff      |       |   139 ||   139
  Throw: Throwing net      |     1 |       ||     1
    Use: Potion            |     3 |       ||     3
   Stab: Sleeping          |     2 |     1 ||     3
         Held in net/web   |     1 |       ||     1
         Paralysed         |       |     1 ||     1
         Distracted        |       |     1 ||     1
 Armour: Leather armour    |    48 |    43 ||    91
  Dodge: Dodged            |    88 |   106 ||   194
  Block: Other             |    24 |    24 ||    48

Table legend: (Time is in decaauts)
 A = Elapsed time spent in this place.
 B = Non-inter-level travel time spent in this place.
 C = Inter-level travel time spent in this place.
 D = Time resting spent in this place.
 E = Time spent auto-exploring this place.
 F = Levels seen in this place.
 G = Mean time per level.
                   A        B        C        D        E       F      G
               +--------+--------+--------+--------+--------+-----+--------+
         Total |   3777 |   3486 |    291 |    147 |   2555 |   4 |  944.2 |
       Dungeon |   3777 |   3486 |    291 |    147 |   2555 |   4 |  944.2 |
               +--------+--------+--------+--------+--------+-----+--------+

Top non-repeatable levels by time:
     D:1: 1483 daAuts
     D:3: 1155 daAuts
     D:2: 906 daAuts
     D:4: 232 daAuts
